 Dungeon Crawl Stone Soup version 0.23-a0-494-g91793a9 (webtiles) character file.

143 Leeroy the Charmwright (level 5, -2/43 HPs)
             Began as a Gnoll Skald on Dec 3, 2018.
             Slain by an iguana (10 damage)
             ... on level 3 of the Dungeon.
             The game lasted 00:06:24 (1612 turns).

Leeroy the Charmwright (Gnoll Skald)                Turns: 1612, Time: 00:06:25

Health: -2/43      AC:  5    Str: 14    XL:     5   Next: 25%
Magic:  12/12      EV: 13    Int: 15    God:
Gold:   155        SH:  0    Dex: 15    Spells: 3/14 levels left

rFire    . . .     SeeInvis .   a - +0 falchion
rCold    . . .     Gourm    .   (no shield)
rNeg     . . .     Faith    .   o - +0 ring mail
rPois    .         Spirit   .   (no helmet)
rElec    .         Reflect  .   (no cloak)
rCorr    .         Harm     .   (no gloves)
MR       .....                  (no boots)
Stlth    +.........             (no amulet)
HPRegen  0.14/turn              (no ring)
MPRegen  0.13/turn              (no ring)

@: no status effects
A: distributed training, fangs 1, strong nose
a: no special abilities


You were on level 3 of the Dungeon.
You were hungry.

You visited 1 branch of the dungeon, and saw 3 of its levels.

You collected 155 gold pieces.

Inventory:

Hand Weapons
 a - a +0 falchion (weapon)
 j - a +0 spear
 n - a +0 whip
 r - a +0 short sword
 s - a +0 dagger
 t - a +0 dagger
 v - a +0 hunting sling
 w - a +0 falchion
Missiles
 e - 3 needles of paralysis
 i - 54 arrows
 k - 169 stones (quivered)
 y - 14 poisoned needles
 A - 3 needles of sleeping
Armour
 b - a +0 leather armour
 o - a +0 ring mail (worn)
 p - a +0 chain mail
Jewellery
 g - a +4 ring of dexterity {unknown}
Scrolls
 f - a scroll of teleportation {unknown}
 h - 2 scrolls of identify {unknown}
 l - a scroll of fog {unknown}
 m - a scroll of enchant armour {unknown}
 z - a scroll of magic mapping {unknown}
Potions
 c - 2 potions of degeneration {unknown}
 u - 2 potions of resistance {unknown}
 x - 2 potions of curing {unknown}
Comestibles
 d - 3 rations


   Skills:
 + Level 4.7 Fighting
 + Level 1.4 Short Blades
 + Level 4.7 Long Blades
 + Level 1.4 Axes
 + Level 1.4 Maces & Flails
 + Level 1.4 Polearms
 + Level 1.4 Staves
 + Level 1.4 Slings
 + Level 1.4 Bows
 + Level 1.4 Crossbows
 + Level 1.4 Throwing
 + Level 2.9 Armour
 + Level 4.7 Dodging
 + Level 1.4 Stealth
 + Level 1.4 Shields
 + Level 1.4 Unarmed Combat
 + Level 5.1 Spellcasting
 + Level 1.1 Conjurations
 + Level 1.1 Hexes
 + Level 5.5 Charms
 + Level 1.1 Summonings
 + Level 1.1 Necromancy
 + Level 1.1 Translocations
 + Level 1.1 Transmutations
 + Level 1.1 Fire Magic
 + Level 1.1 Ice Magic
 + Level 1.1 Air Magic
 + Level 1.1 Earth Magic
 + Level 1.1 Poison Magic
 + Level 1.5 Invocations
 + Level 1.4 Evocations


You had 3 spell levels left.
You knew the following spells:

 Your Spells              Type           Power        Failure   Level  Hunger
a - Infusion              Chrm           ###.         3%          1    None
b - Song of Slaying       Chrm           ###.....     4%          2    ##.....
c - Shroud of Golubria    Chrm/Tloc      ##........   12%         2    ##.....
d - Regeneration          Chrm/Necr      ##........   24%         3    ###....
e - Spectral Weapon       Hex/Chrm       ##......     24%         3    ###....

Your spell library contained the following spells:

 Spells                   Type           Power        Failure   Level  Hunger


Dungeon Overview and Level Annotations

Branches:
Dungeon (3/15)

Altars:


Innate Abilities, Weirdness & Mutations

Your experience applies equally to all skills.
You have very sharp teeth.
Your uncanny sense of smell can sniff out nearby items.


Message History

You hit the iguana but do no damage. You punch the iguana.
The iguana is heavily wounded.
The iguana bites you!
The frilled lizard bites you but does no damage.
You hit the iguana but do no damage. You bite the iguana.
The iguana is heavily wounded.
The iguana bites you!
* * * LOW HITPOINT WARNING * * *
The frilled lizard bites you but does no damage.
You hit the iguana but do no damage.
The iguana is heavily wounded.
The iguana bites you!
* * * LOW HITPOINT WARNING * * *
The frilled lizard bites you but does no damage.
Okay, then.
A kobold comes into view.
Found a ration and a scroll labeled NOTUZIMOPT.
The kobold shouts!
The iguana bites you!
You die...

#....................
#....................
#..................##
#...........#..$...#
###...........#......#
#...%.....######'######
#.....Kl..# #>......
#......l..# #.######
###...@...# #+#
#.....?.....
#....##.....
#....##...... #....#
...... #....# ......
.....# ... ##....#


You could see an iguana, a kobold and a frilled lizard.

Vanquished Creatures
  A scorpion (D:2)
  Robin (D:1)
  3 adders
  A leopard gecko (D:2)
  3 bats (D:1)
  14 goblins
  8 hobgoblins
  3 jackals (D:2)
  A quokka (D:3)
  2 frilled lizards
  6 kobolds
  12 rats
55 creatures vanquished.

Notes
Turn   | Place    | Note
-------+----------+-------------------------------------------
     0 | D:1      | Leeroy the Gnoll Skald began the quest for the Orb.
     0 | D:1      | Reached XP level 1. HP: 20/20 MP: 6/6
   232 | D:1      | Reached XP level 2. HP: 26/26 MP: 7/7
   236 | D:1      | Learned a level 2 spell: Song of Slaying
   239 | D:1      | Learned a level 2 spell: Shroud of Golubria
   646 | D:2      | Noticed Robin
   661 | D:1      | Killed Robin
   661 | D:1      | Reached skill level 5 in Spellcasting
   661 | D:1      | Reached XP level 3. HP: 27/31 MP: 3/9
   667 | D:1      | Learned a level 3 spell: Regeneration
   671 | D:1      | Learned a level 3 spell: Spectral Weapon
   714 | D:2      | Reached skill level 1 in Invocations
   832 | D:2      | Noticed a scorpion
   844 | D:2      | Killed a scorpion
   844 | D:2      | Reached skill level 1 in Short Blades
   844 | D:2      | Reached skill level 1 in Axes
   844 | D:2      | Reached skill level 1 in Maces & Flails
   844 | D:2      | Reached skill level 1 in Polearms
   844 | D:2      | Reached skill level 1 in Staves
   844 | D:2      | Reached skill level 1 in Slings
   844 | D:2      | Reached skill level 1 in Bows
   844 | D:2      | Reached skill level 1 in Crossbows
   844 | D:2      | Reached skill level 1 in Throwing
   844 | D:2      | Reached skill level 1 in Stealth
   844 | D:2      | Reached skill level 1 in Shields
   844 | D:2      | Reached skill level 1 in Unarmed Combat
   844 | D:2      | Reached skill level 1 in Conjurations
   844 | D:2      | Reached skill level 1 in Hexes
   844 | D:2      | Reached skill level 1 in Summonings
   844 | D:2      | Reached skill level 1 in Necromancy
   844 | D:2      | Reached skill level 1 in Translocations
   844 | D:2      | Reached skill level 1 in Transmutations
   844 | D:2      | Reached skill level 1 in Fire Magic
   844 | D:2      | Reached skill level 1 in Ice Magic
   844 | D:2      | Reached skill level 1 in Air Magic
   844 | D:2      | Reached skill level 1 in Earth Magic
   844 | D:2      | Reached skill level 1 in Poison Magic
   844 | D:2      | Reached skill level 1 in Evocations
   844 | D:2      | Reached XP level 4. HP: 14/38 MP: 11/11
  1153 | D:2      | Reached XP level 5. HP: 38/43 MP: 12/12
  1612 | D:3      | Slain by an iguana

Vault maps used:
D:1:      erik_arrival_blinker_ship, minmay_rat_gold_closets
D:2:      chequers_serial_rivers_small_3, uniq_robin
D:3:      lemuel_coloured_pillars_altar, chequers_temple_overflow_minitemple

Skill      XL: |  1  2  3 |
---------------+----------+-----
Spellcasting   | 5 |  5.1
Invocations    | 1 |  1.5
Short Blades   | 1 |  1.4
Axes           | 1 |  1.4
Maces & Flails | 1 |  1.4
Polearms       | 1 |  1.4
Staves         | 1 |  1.4
Slings         | 1 |  1.4
Bows           | 1 |  1.4
Crossbows      | 1 |  1.4
Throwing       | 1 |  1.4
Stealth        | 1 |  1.4
Shields        | 1 |  1.4
Unarmed Combat | 1 |  1.4
Conjurations   | 1 |  1.1
Hexes          | 1 |  1.1
Summonings     | 1 |  1.1
Necromancy     | 1 |  1.1
Translocations | 1 |  1.1
Transmutations | 1 |  1.1
Fire Magic     | 1 |  1.1
Ice Magic      | 1 |  1.1
Air Magic      | 1 |  1.1
Earth Magic    | 1 |  1.1
Poison Magic   | 1 |  1.1
Evocations     | 1 |  1.4
Fighting       | |  4.7
Long Blades    | |  4.7
Armour         | |  2.9
Dodging        | |  4.7
Charms         | |  5.5

Action                   |  1- 3 |  4- 6 || total
-------------------------+-------+-------++-------
Melee: Falchion          |    78 |    68 ||   146
       Bite              |     7 |     7 ||    14
       Punch             |       |     2 ||     2
Throw: Stone             |     1 |       ||     1
 Cast: Infusion          |     1 |       ||     1
       Spectral Weapon   |     1 |     1 ||     2
       Regeneration      |       |     1 ||     1
  Eat: Chunk             |       |     2 ||     2
Armor: Leather armour    |     5 |       ||     5
       Ring mail         |    21 |    29 ||    50
Dodge: Dodged            |    65 |    53 ||   118
       Rpst.: Falchion   |    22 |    14 ||    36

Table legend:
 A = Non-vault XP
 B = Vault XP
 C = Vault XP percentage of total XP
 D = Non-vault monster count
 E = Vault monster count
 F = Vault count percentage of total count
                 A         B        C        D         E       F
            +---------+---------+-------+---------+---------+-------
      Total |     160 |      45 |  22.0 |      34 |      21 |  38.2
            +---------+---------+-------+---------+---------+-------
        D:1 |      15 |      25 |  62.5 |      10 |      10 |  50.0
        D:2 |     110 |      20 |  15.4 |      17 |      11 |  39.3
        D:3 |      35 |       0 |   0.0 |       7 |       0 |   0.0
            +---------+---------+-------+---------+---------+-------
